 Dungeon Crawl Stone Soup version 0.30.1-11-g7821555f0a (webtiles) character file.

Game seed: 9134406472737324916

571 xexx the Slasher (level 7, -1/54 HPs)
             Began as a Green Draconian Berserker on Jan 12, 2024.
             Was a Priest of Trog.
             Succumbed to a water moccasin's poison
             ... on level 5 of the Dungeon.
             The game lasted 00:05:51 (3763 turns).

xexx the Slasher (Green Draconian Berserker)        Turns: 3763, Time: 00:05:52

Health: -1/54      AC:  7    Str: 19    XL:     7   Next: 11%
Magic:  7/7        EV: 14    Int:  8    God:    Trog [***...]
Gold:   179        SH:  0    Dex: 18    Spells: 6/6 levels left

rFire   . . .        a - +1 falchion
rCold   . . .        c - orb {light}
rNeg    . . .        (body armour unavailable)
rPois   +            (helmet restricted)
rElec   .            n - +0 cloak
rCorr   .            (no gloves)
SInv    .            (no boots)
Will    +....        (no amulet)
Stlth   +            f - +6 ring of dexterity
HPRegen 0.29/turn    (no ring)
MPRegen 0.10/turn

%: no passive effects
@: lethally poisoned (-1 -> -18), on berserk cooldown, slowed, glowing, very
slow
A: breathe noxious fumes, AC +6, unfitting armour, poison resistance,
cold-blooded, frail 1, strong-willed 1, devolution 1
a: Breathe Noxious Fumes, Renounce Religion, Berserk, Trog's Hand


You were on level 5 of the Dungeon.
You worshipped Trog.
Trog was most pleased with you.
You visited 1 branch of the dungeon, and saw 5 of its levels.

You collected 179 gold pieces.

Inventory:

Hand Weapons
 a - a +1 falchion (weapon)
Missiles
 k - 6 javelins (quivered)
Armour
 c - an orb of light (worn)
 n - a +0 cloak (worn)
Jewellery
 f - a +6 ring of dexterity (left hand)
Scrolls
 e - a scroll of vulnerability
 i - 2 scrolls of silence
Potions
 b - 3 potions of curing
 d - a potion of heal wounds
 g - 2 potions of flight
 h - a potion of might
 j - a potion of haste


   Skills:
 + Level 5.1 Fighting
 * Level 6.3 Long Blades
 + Level 4.2 Dodging
 - Level 0.2 Stealth


You had 6 spell levels left.
You didn't know any spells.
Your spell library was empty.

Dungeon Overview and Level Annotations

Branches:
Dungeon (5/15)
 Temple: D:4-7

Altars:
Ashenzari
Elyvilon
Qazlal

Shops:
D:4 (


Innate Abilities, Weirdness & Mutations

You can breathe blasts of noxious fumes.
Your lurid green scales are hard. (AC +6)
You cannot fit into any form of body armour.
Your system is resistant to poisons. (rPois)
You are cold-blooded and may be slowed by cold attacks.
You are frail. (-10% HP)
You are strong-willed. (Will+)
You have hidden genetic defects.


Message History

You feel very sick.
The water moccasin bites you but does no damage.
The water moccasin bites you!
You are lethally poisoned!
The water moccasin poisons you!
You slash the water moccasin!
The water moccasin is almost dead.
You feel very sick. The water moccasin bites you.
You are more poisoned.
The water moccasin poisons you!
You slash the water moccasin!
You feel the power of Trog in you as your rage grows.
You kill the water moccasin!
Trog accepts your kill.
* * * LOW HITPOINT WARNING * * *
You feel very sick.
Your Fighting skill increases to level 5!
You have reached level 7!
Your scales start taking on a lurid green colour.
You learn Poison Magic much quicker.
You can breathe blasts of noxious fumes.
You feel resistant to poisons.
There is a lethal amount of poison in your body!
There is a lethal amount of poison in your body!
You are too berserk!
* * * LOW HITPOINT WARNING * * *
You feel very sick.
You feel a strong urge to attack something.
* * * LOW HITPOINT WARNING * * *
You feel very sick.
* * * LOW HITPOINT WARNING * * *
You feel very sick.
You feel your anger nearly subside.
* * * LOW HITPOINT WARNING * * *
You feel very sick.
You are no longer berserk.
You are exhausted.
You feel yourself slow down.
You die...

#..###...#
####..#...#.#
..##..#..##.#
#.#...#.....#
#.#.....#####
#.#.#####
#.#.#### ###
#..##..###..#
#.##.#..#@†#
#.....#..#..#
#####..#..#..#
#...#...##
#########


There were no monsters in sight!

Vanquished Creatures
  A water moccasin (D:5)
  2 phantoms
  4 hounds
  An iguana (D:5)
  An orc wizard (D:5)
  2 adders
  2 worms
  A dart slug (D:2)
  18 orcs
  6 endoplasms
  3 giant cockroaches
  10 goblins
  11 hobgoblins
  9 jackals
  3 quokkas
  4 ball pythons
  3 bats
  5 frilled lizards
  7 kobolds
  11 rats
104 creatures vanquished.

Notes
Turn   | Place    | Note
-------+----------+-------------------------------------------
     0 | D:1      | xexx the Draconian Berserker began the quest for the Orb.
     0 | D:1      | Reached XP level 1. HP: 19/19 MP: 1/1
   113 | D:1      | Reached XP level 2. HP: 17/26 MP: 2/2
   387 | D:1      | Reached ** piety under Trog
   388 | D:1      | Reached XP level 3. HP: 33/33 MP: 3/3
   725 | D:2      | Reached skill level 4 in Long Blades
  1665 | D:3      | Reached XP level 4. HP: 40/40 MP: 4/4
  1719 | D:3      | Noticed a phantom
  1729 | D:3      | Killed a phantom
  1730 | D:3      | Reached XP level 5. HP: 45/46 MP: 5/5
  1846 | D:3      | Found a stormy altar of Qazlal.
  1961 | D:3      | Reached skill level 5 in Long Blades
  2231 | D:3      | Gained mutation: You have a pair of small antennae on your
                  | head. [potion of mutation]
  2231 | D:3      | Gained mutation: You are clumsy. (Dex -2) [potion of
                  | mutation]
  2231 | D:3      | Gained mutation: You occasionally lose the ability to drink
                  | potions when taking damage. [potion of mutation]
  2278 | D:3      | Lost mutation: You are clumsy. (Dex -2) [potion of
                  | mutation]
  2278 | D:3      | Lost mutation: You have a pair of small antennae on your
                  | head. [potion of mutation]
  2278 | D:3      | Gained mutation: You have hidden genetic defects. [potion
                  | of mutation]
  2278 | D:3      | Gained mutation: Your body sometimes deteriorates upon
                  | taking damage. [potion of mutation]
  2641 | D:4      | Gained mutation: You do not regenerate when monsters are
                  | visible. [hidden defects]
  2899 | D:4      | Reached *** piety under Trog
  2955 | D:4      | Noticed a phantom
  2992 | D:4      | Reached XP level 6. HP: 45/53 MP: 6/6
  3006 | D:4      | Gained mutation: You have terrible hidden genetic defects.
                  | [hidden defects]
  3006 | D:4      | Lost mutation: You have terrible hidden genetic defects.
                  | [hidden defects expressed]
  3143 | D:4      | Found Ziwet's Weapon Boutique.
  3170 | D:4      | Found a broken altar of Ashenzari.
  3203 | D:4      | Found a white marble altar of Elyvilon.
  3219 | D:4      | Lost mutation: You do not regenerate when monsters are
                  | visible. [potion of mutation]
  3219 | D:4      | Lost mutation: Your body sometimes deteriorates upon taking
                  | damage. [potion of mutation]
  3219 | D:4      | Lost mutation: You occasionally lose the ability to drink
                  | potions when taking damage. [potion of mutation]
  3219 | D:4      | Gained mutation: You are strong-willed. (Will+) [potion of
                  | mutation]
  3457 | D:5      | Entered Level 5 of the Dungeon
  3638 | D:5      | Gained mutation: You are frail. (-10% HP) [hidden defects]
  3698 | D:5      | Reached skill level 6 in Long Blades
  3750 | D:5      | Noticed a water moccasin
  3758 | D:5      | Killed a water moccasin
  3759 | D:5      | Reached skill level 5 in Fighting
  3759 | D:5      | Your scales start taking on a lurid green colour.
  3759 | D:5      | Reached XP level 7. HP: 19/54 MP: 7/7
  3759 | D:5      | Gained mutation: Your system is resistant to poisons.
                  | (rPois) [Green Draconian growth]
  3762 | D:5      | HP: 2/81 [poisoned by a water moccasin]
  3763 | D:5      | Succumbed to a water moccasin's poison

Illustrated notes

Levels and vault maps discovered:
D:1:      dpeg_arrival_pond, layout_basic
D:2:      layout_basic
D:3:      layout_basic, mainiacjoe_overflow_alcove_2, dk_vineyard_2
D:4:      layout_cave_pools, lemuel_tele_altar, nicolae_ashenzari_skybound,
          serial_shops, nicolae_shop_bloodbath_and_beyond, minmay_crystal_room
D:5:      layout_basic, mainiacjoe_overflow_divided_tiny, marbit_many_paths,
          mainiacjoe_overflow_alcove_1

Skill      XL: |  1  2  3  4  5  6 |
---------------+-------------------+-----
Dodging        | 3 4 |  4.2
Long Blades    | 4 5 6 |  6.3
Fighting       | 4 5 |  5.1
Stealth        | |  0.2

Action                     |  1- 3 |  4- 6 |  7- 9 || total
---------------------------+-------+-------+-------++-------
  Melee: Falchion          |   139 |   133 |       ||   272
         Tailslap          |    18 |    18 |       ||    36
 Invoke: Berserk           |     1 |     4 |       ||     5
    Use: Potion            |     1 |     9 |       ||    10
         Scroll            |       |    12 |       ||    12
   Stab: Sleeping          |     1 |       |       ||     1
 Armour: Skin              |    53 |    36 |       ||    89
  Dodge: Dodged            |   114 |    85 |       ||   199
